 Dungeon Crawl Stone Soup version 0.30-a0-782-ge64f9170bb (webtiles) character file.

Game seed: 4865539232598189322

59 mopl the Vexing (level 3, -2/19 HPs)
             Began as a Deep Elf Enchanter on Mar 13, 2023.
             Shot with a sling bullet by a hobgoblin (10 damage)
             ... on level 3 of the Dungeon.
             The game lasted 00:02:22 (1740 turns).

mopl the Vexing (Deep Elf Enchanter)                Turns: 1740, Time: 00:02:23

Health: -2/19      AC:  3    Str:  5    XL:     3   Next: 78%
Magic:  10/10      EV: 12    Int: 21    God:
Gold:   85         SH:  3    Dex: 15    Spells: 1/9 levels left

rFire   . . .      SeeInvis .    b - +5 short sword
rCold   . . .      Faith    .    j - +0 buckler
rNeg    . . .      Spirit   .    i - +0 robe
rPois   .          Reflect  .    (no helmet)
rElec   .          Harm     .    (no cloak)
rCorr   .          Rampage  .    d - +0 pair of gloves
Will    .....                    (no boots)
Stlth   +++                      (no amulet)
HPRegen 0.23/turn                (no ring)
MPRegen 0.12/turn                (no ring)

@: no status effects
A: no striking features
a: no special abilities


You were on level 3 of the Dungeon.
You visited 1 branch of the dungeon, and saw 3 of its levels.

You collected 85 gold pieces.

Inventory:

Hand Weapons
 a - a +1 dagger
 b - a +5 short sword (weapon)
Armour
 d - a +0 pair of gloves (worn)
 i - a +0 robe (worn)
 j - a +0 buckler (worn)
Scrolls
 g - a scroll of identify {unknown}
 h - a scroll of blinking {unknown}
 l - a scroll of teleportation {unknown}
 m - 2 scrolls of vulnerability {unknown}
Potions
 c - 3 potions of invisibility
 e - 2 potions of cancellation {unknown}
 f - 2 potions of degeneration {unknown}
 k - 2 potions of haste {unknown}
 n - a potion of curing {unknown}


   Skills:
 + Level 1.9 Short Blades
 - Level 2.4 Dodging
 + Level 4.3 Stealth
 + Level 0.1 Shields
 + Level 3.8 Spellcasting
 + Level 4.6 Hexes


You had one spell level left.
You knew the following spells:

 Your Spells              Type           Power      Damage    Failure   Level
b - Ensorcelled Hibernat  Hex/Ice        26%        N/A       10%         2
c - Confusing Touch       Hex            23%        N/A       8%          3
d - Tukima's Dance        Hex            23%        N/A       8%          3

Your spell library contained the following spells:

 Spells                   Type           Power      Damage    Failure   Level
 Freeze                   Ice            16%        1d4       17%         1
 Dazzling Flash           Conj/Hex       26%        N/A       19%         3
 Frozen Ramparts          Ice            8%         1d2       45%         3
 Hailstorm                Conj/Ice       4%         3d4       45%         3


Dungeon Overview and Level Annotations

Branches:
Dungeon (3/15)

Altars:
Makhleb

Shops:
D:2 (


Message History

The kobold throws a stone.
You block the stone.
The goblin shoots a sling bullet.
The sling bullet misses you.
The hobgoblin shoots a sling bullet.
The sling bullet hits you.
The goblin shoots a sling bullet.
The sling bullet hits you but does no damage.
The hobgoblin shoots a sling bullet.
The sling bullet closely misses you.
The goblin shoots a sling bullet.
The sling bullet hits you.
The goblin shoots a sling bullet.
The sling bullet misses you.
The goblin shoots a sling bullet.
The sling bullet closely misses you.
The hobgoblin shoots a sling bullet.
The sling bullet closely misses you.
The goblin shoots a sling bullet.
The sling bullet barely misses you.
The hobgoblin shoots a sling bullet.
The sling bullet barely misses you. The kobold barely misses you.
You hit the kobold.
The kobold is severely wounded.
The kobold completely misses you.
You hit the kobold.
You kill the kobold!
The goblin shoots a sling bullet.
The sling bullet misses you.
b - a +5 short sword (weapon)
The goblin shoots a sling bullet.
The sling bullet hits you.
The hobgoblin shoots a sling bullet.
The sling bullet barely misses you.
The goblin shoots a sling bullet.
The sling bullet closely misses you. You block the quokka's attack.
You hit the quokka.
The quokka is almost dead.
The quokka bites you.
You barely miss the quokka.
The quokka is almost dead.
The quokka closely misses you.
The quokka bites you but does no damage.
You hit the quokka.
You kill the quokka!
The goblin shoots a sling bullet.
You block the sling bullet.
The hobgoblin shoots a sling bullet.
The sling bullet barely misses you.
The goblin shoots a sling bullet.
The sling bullet misses you.
The goblin shoots a sling bullet.
The sling bullet barely misses you.
The hobgoblin shoots a sling bullet.
The sling bullet hits you!
Ouch! That really hurt!
You die...

####.........#....#
......#######..##.##.
......................
#....<...###.####.##.#
#(....##.###.# .#
#.....##.....# .#
#.....####..#####.###
##.#### ##..........#
##.######..#####@.#
#..##........# #.##
#.###........###)###
...............ggg.#
...............<...#
...................#
.....###....#......#
.....###.##........##..#
........................


You could see a hobgoblin and 2 goblins.

Vanquished Creatures
  A worm (D:2)
  3 dart slugs
  5 ball pythons
  2 endoplasms
  3 giant cockroaches (D:1)
  3 goblins
  3 hobgoblins
  4 jackals (D:2)
  2 quokkas
  2 bats (D:1)
  13 frilled lizards
  4 kobolds
  6 rats
51 creatures vanquished.

Notes
Turn   | Place    | Note
-------+----------+-------------------------------------------
     0 | D:1      | mopl the Deep Elf Enchanter began the quest for the Orb.
     0 | D:1      | Reached XP level 1. HP: 10/10 MP: 6/6
   228 | D:1      | Reached XP level 2. HP: 14/15 MP: 8/8
   233 | D:1      | Learned a level 2 spell: Ensorcelled Hibernation
   263 | D:1      | Found a faded altar of an unknown god.
   426 | D:1      | Reached skill level 4 in Stealth
   522 | D:1      | Reached XP level 3. HP: 15/19 MP: 10/10
   528 | D:1      | Learned a level 3 spell: Confusing Touch
   532 | D:1      | Learned a level 3 spell: Tukima's Dance
   835 | D:2      | Found a burning altar of Makhleb.
  1021 | D:2      | Found Baoshr Ikhu's Weapon Shop.
  1740 | D:3      | Shot with a sling bullet by a hobgoblin

Illustrated notes

Levels and vault maps discovered:
D:1:      onia_arrival_mini_maze_b, layout_loops_ring,
          shapermc_ecumenical_altar_ellora, minmay_lizard_pond
D:2:      layout_basic, basic_altar, serial_shops, shop, serial_bayou_pond_d,
          chequers_decorated_corner
D:3:      minmay_goblin_kobold_castle, layout_rooms,
          nicolae_dithmenos_shadow_blocks, uniq_jessica

Skill      XL: |  1  2 |
---------------+-------+-----
Stealth        | 4 |  4.3
Short Blades   | |  1.9
Dodging        | |  2.4
Shields        | |  0.1
Spellcasting   | |  3.8
Hexes          | |  4.6

Action                     || total
---------------------------++-------
  Melee: Dagger            ||   145
         Short sword       ||     3
   Cast: Ensorcelled Hiber ||     3
   Stab: Sleeping          ||    14
 Armour: Robe              ||    43
  Dodge: Dodged            ||   109
  Block: Buckler           ||     6

Table legend: (Time is in decaauts)
 A = Elapsed time spent in this place.
 B = Non-inter-level travel time spent in this place.
 C = Inter-level travel time spent in this place.
 D = Time resting spent in this place.
 E = Time spent auto-exploring this place.
 F = Levels seen in this place.
 G = Mean time per level.
                   A        B        C        D        E       F      G
               +--------+--------+--------+--------+--------+-----+--------+
         Total |   1728 |   1668 |     60 |     40 |   1223 |   3 |  576.0 |
       Dungeon |   1728 |   1668 |     60 |     40 |   1223 |   3 |  576.0 |
               +--------+--------+--------+--------+--------+-----+--------+

Top non-repeatable levels by time:
     D:2: 851 daAuts
     D:1: 772 daAuts
     D:3: 104 daAuts
